Map: Ruins of Seras

Players

Wachowski - Winner!

  • Race: Zerg Zerg
  • League: Diamond

ILLBdA

  • Race: Protoss Protoss
  • League: Diamond

VOD

Have the link to the VOD?

Description

Time

  • Played on: Jan. 2, 2016, 6:31 a.m.
  • Length: 7:37
Show
View Real Time Build Order
Export as new Build Order

Wachowski Zerg - Winner!

Build Orders: Hatch First 

Get SALT Encoding   

  12  0:00  Drone  
  13  0:08  Drone  
  14  0:17  Overlord  
  14  0:36  Drone x2  
  14  0:37  Drone  
  17  0:55  Hatchery  
  16  0:58  Drone  
  17  1:13  Spawning Pool  
  17  1:15  Drone  
  17  1:19  Drone  
  18  1:27  Drone  
  19  1:35  Overlord, Extractor  
  18  2:01  Queen  
  20  2:08  Queen  
  20  2:09  Drone x4  
  26  2:18  Zergling x2  
  26  2:21  Drone  
  28  2:29  Drone  
  29  2:36  Queen  
  31  2:46  Metabolic Boost  
  31  2:50  Drone  
  31  2:51  Drone x3  
  35  2:52  Overlord  
  35  3:03  Zergling x2  
  36  3:07  Roach Warren  
  36  3:08  Overlord  
  36  3:12  Drone  
  36  3:23  Zergling x4  
  36  3:26  Zergling x6  
  41  3:29  Drone  
  42  3:46  Roach  
  42  3:47  Roach x4  
  51  4:00  Overlord x2  
  51  4:05  Extractor  
  50  4:13  Overlord x2  
  50  4:14  Zergling x2  
  51  4:21  Zergling x8  
  55  4:25  Hatchery  
  55  4:27  Drone  
  55  4:30  Lair  
  55  4:45  Overlord  
  51  5:10  Overlord  
  51  5:12  Drone  
  51  5:13  Drone x3  
  51  5:16  Evolution Chamber, Extractor  
  49  5:23  Roach x6  
  49  5:27  Drone  
  62  5:29  Glial Reconstitution  
  62  5:34  Drone  
  63  5:37  Drone x2, Hydralisk Den  
  64  5:44  Drone x4  
  68  6:00  Overseer  
  68  6:01  Drone  
  68  6:02  Drone  
  69  6:11  Roach x2  
  69  6:12  Roach x2  
  69  6:15  Hydralisk  
  78  6:32  Ravager x2  
  79  6:37  Zergling x2  
  79  6:38  Ravager  
  79  6:39  Zergling x2  
  82  6:40  Zergling x20  
  90  6:50  Ravager  
  86  7:07  Hydralisk x3  
  90  7:11  Roach x2  
  85  7:18  Zergling x2  
  85  7:19  Zergling x2  
Show
View Real Time Build Order
Export as new Build Order

ILLBdA Protoss 

Build Orders: Nexus First 

Get SALT Encoding   

  12  0:01  Probe (Chrono Boost)  
  13  0:11  Probe (Chrono Boost)  
  14  0:18  Pylon  
  14  0:22  Probe (Chrono Boost)  
  15  0:37  Probe (Chrono Boost)  
  16  0:47  Probe (Chrono Boost)  
  17  0:58  Nexus  
  17  1:11  Gateway  
  17  1:14  Probe (Chrono Boost)  
  18  1:25  Probe (Chrono Boost)  
  19  1:26  Assimilator  
  19  1:31  Assimilator  
  19  1:35  Probe (Chrono Boost)  
  20  1:40  Gateway  
  20  1:46  Probe (Chrono Boost)  
  21  1:57  Probe (Chrono Boost)  
  21  1:59  Cybernetics Core  
  22  2:07  Probe (Chrono Boost)  
  23  2:09  Pylon  
  23  2:20  Probe (Chrono Boost)  
  24  2:25  Probe (Chrono Boost)  
  25  2:30  Probe (Chrono Boost)  
  25  2:35  Probe (Chrono Boost)  
  25  2:36  Adept x2 (Chrono Boost)  
  31  2:37  Warp Gate  
  31  2:47  Probe  
  32  2:55  Pylon  
  32  3:00  Sentry x2 (Chrono Boost)  
  32  3:04  Probe  
  37  3:08  Probe  
  38  3:19  Probe (Chrono Boost)  
  39  3:20  Mothership Core (Chrono Boost)  
  41  3:30  Gateway  
  41  3:31  Gateway  
  41  3:35  Pylon  
  41  3:47  Probe (Chrono Boost)  
  42  3:51  Robotics Facility  
  42  3:54  Probe (Chrono Boost)  
  42  3:55  Pylon  
  43  3:58  Probe (Chrono Boost)  
  44  4:03  Pylon  
  44  4:05  Probe (Chrono Boost)  
  44  4:08  Probe (Chrono Boost)  
  46  4:16  Probe (Chrono Boost), Pylon  
  47  4:18  Adept  
  47  4:19  Adept x3  
  55  4:35  Probe (Chrono Boost)  
  55  4:37  Assimilator  
  56  4:40  Immortal  
  56  4:42  Assimilator  
  59  4:57  Adept x3  
  63  5:07  Zealot  
  63  5:12  Gateway  
  65  5:15  Gateway  
  65  5:18  Pylon  
  65  5:19  Immortal (Chrono Boost)  
  69  5:23  Sentry  
  69  5:24  Sentry  
  73  5:29  Probe  
  74  5:35  Sentry  
  74  5:36  Adept  
  74  5:40  Probe  
  74  5:42  Probe  
  80  5:47  Sentry  
  82  5:50  Adept  
  82  5:56  Warp Prism  
  86  6:00  Pylon x2  
  86  6:08  Zealot x4  
  94  6:18  Zealot  
  96  6:22  Zealot  
  98  6:26  Zealot  
  98  6:29  Zealot x3  
  104  6:39  Zealot  
  84  6:49  Zealot  
  84  6:51  Zealot x2  
  86  7:00  Zealot  
  39  7:24  Zealot  
Tags
 
Add a new tag
Caveats
  • Supply blocks, unpowered buildings, or Contaminate may cause inaccurate times.
  • Supply counts are checked every 10 seconds.